 Dungeon Crawl Stone Soup version 0.17-a0-1508-ge7f3dc3 (webtiles) character file.

71 namelastname112 the Cutter (level 4, -9/36 HPs)
             Began as a Draconian Skald on July 10, 2015.
             Mangled by Sigmund
             ... wielding a +0 scythe
              (12 damage)
             ... on level 3 of the Dungeon.
             The game lasted 00:05:00 (2258 turns).

namelastname112 the Cutter (Draconian Skald)        Turns: 2258, Time: 00:05:00

Health: -9/36      AC:  6    Str: 15    XL:     4   Next: 5%
Magic:  2/7        EV: 12    Int: 16    God:
Gold:   137        SH:  0    Dex: 11    Spells: 2 memorised, 3 levels left

rFire  . . .     SeeInvis .     q - +0 short sword (speed)
rCold  . . .     Clarity  .     (armour unavailable)
rNeg   . . .     SustAt   .     (no shield)
rPois  .         Gourm    .     (helmet restricted)
rElec  .         Spirit   .     f - +0 cloak
rCorr  .         Warding  .     (no gloves)
rMut   .         Stasis   .     (no boots)
MR     .....                    (no amulet)
Stlth  ++........               (no ring)
                                o - +4 ring of intelligence

@: not resistant to hostile enchantments, unstealthy
A: unfitting armour, cold-blooded, AC +5
a: no special abilities


You were on level 3 of the Dungeon.
You were not hungry.

You visited 1 branch of the dungeon, and saw 3 of its levels.

You collected 137 gold pieces.

Inventory:

Hand weapons
 q - a +0 short sword of speed (weapon)
Missiles
 h - 2 curare-tipped needles
Armour
 f - a +0 cloak (worn)
Jewellery
 o - a +4 ring of intelligence (left hand)
Scrolls
 a - a scroll of enchant armour {unknown}
 d - 3 scrolls of recharging {unknown}
 e - a scroll of immolation {unknown}
 i - 3 scrolls of identify {unknown}
 r - 2 scrolls of remove curse {unknown}
 t - 2 scrolls of blinking {unknown}
Potions
 p - a potion of flight
 s - a potion of haste
Books
 b - a book of Battle

   Spells                             Type                      Level
   a - Infusion                       Charms                       1
   b - Shroud of Golubria             Charms/Translocation         2
   c - Song of Slaying                Charms                       2
   d - Spectral Weapon                Hexes/Charms                 3
   e - Regeneration                   Charms/Necromancy            3
Comestibles
 c - a bread ration
 l - 2 meat rations
 m - a beef jerky


   Skills:
 - Level 2.1 Fighting
 + Level 3.2 Short Blades
 - Level 1.3 Dodging
 + Level 2.6 Stealth
 - Level 2.0 Spellcasting
 - Level 2.6 Charms


You had 3 spell levels left.
You knew the following spells:

 Your Spells              Type           Power        Failure   Level  Hunger
a - Infusion              Chrm           ##....       10%         1    #......
b - Spectral Weapon       Hex/Chrm       #.......     38%         3    ###....


Dungeon Overview and Level Annotations

Branches:
Dungeon (3/15)

Altars:
Cheibriados
Okawaru

Annotations:
D:3 Sigmund


Innate Abilities, Weirdness & Mutations

Your plain brown scales are hard (AC +5).
Your body does not fit into most forms of armour.
You are cold-blooded and may be slowed by cold attacks.


Message History

Sigmund flickers and vanishes!
Deactivating autopickup; reactivate with Ctrl-A.
You hit something but do no damage. You closely miss something.
Something hits you.
* * * LOW HITPOINT WARNING * * *
You hit something but do no damage. You closely miss something.
Something hits you but does no damage.
You miss something. You closely miss something. You closely miss something.
Something hits you.
* * * LOW HITPOINT WARNING * * *
You hit something. You tail-slap something. You hit something.
You tail-slap something. Something completely misses you.
You hit something but do no damage. You tail-slap something.
You barely miss something. You completely miss something. Something hits you.
* * * LOW HITPOINT WARNING * * *
You miss something. You tail-slap something. You hit something.
Something hits you!
You die...

..... .. . ..... .. . ...
.###. ######.. ##....
#.....# #+# #..... #.....#
#.# #....# #.....# #.#
#.##<# #.....######..
#####.##.# #......†.{@#.#
#........#
####+#####(#.##########...#
#.#####.#.#............#
#.....÷...'............#
#######.###............#
#.# #............# #.#
#............# #.#
#.....######.# #.# #######
.#


There were no monsters in sight!

Vanquished Creatures
  2 adders
  2 worms (D:2)
  A giant gecko (D:2)
  4 bats
  3 goblins
  3 hobgoblins (D:1)
  12 jackals
  8 kobolds
  A giant cockroach (D:2)
  2 giant newts
  7 rats
45 creatures vanquished.

Vanquished Creatures (others)
  A spectral weapon (D:3)
1 creature vanquished.

Grand Total: 46 creatures vanquished

Notes
Turn   | Place    | Note
--------------------------------------------------------------
     0 | D:1      | namelastname112 the Draconian Skald began the quest for the Orb.
     0 | D:1      | Reached XP level 1. HP: 17/17 MP: 3/3
   207 | D:1      | Reached skill level 1 in Stealth
   277 | D:1      | Reached XP level 2. HP: 16/24 MP: 5/5
  1399 | D:2      | Reached XP level 3. HP: 25/29 MP: 0/6
  1404 | D:2      | Learned a level 3 spell: Spectral Weapon
  1519 | D:2      | Found a snail-covered altar of Cheibriados.
  1519 | D:2      | Found an iron altar of Okawaru.
  1758 | D:2      | Reached skill level 3 in Short Blades
  1841 | D:2      | Found a faded altar to an unknown god.
  2153 | D:3      | Reached XP level 4. HP: 24/36 MP: 7/7
  2186 | D:3      | Noticed Sigmund
  2258 | D:3      | Mangled by Sigmund

Vault maps used:
D:1:      grunt_arrival_crossed_arrows, serial_glass, glass_columns_c,
          glass_columns_b, glass_columns_a, glass_columns_a, glass_columns_b,
          glass_columns_b, glass_columns_a, glass_columns_a
D:2:      gammafunk_temple_overflow_pools, ecumenical_altar_2
D:3:      serial_bayou_ford_a, uniq_sigmund, uniq_terence, uniq_jessica,
          uniq_crazy_yiuf_cottage

Action                   |  1- 3 |  4- 6 || total
-------------------------+-------+-------++-------
Melee: Dagger            |   184 |       ||   184
       Short sword       |    51 |    27 ||    78
 Cast: Infusion          |     2 |       ||     2
       Spectral Weapon   |       |     2 ||     2
  Use: Potion            |       |     6 ||     6
 Stab: Sleeping          |     5 |       ||     5
  Eat: Chunk             |     2 |     1 ||     3
       Beef jerky        |     1 |       ||     1
